 Dungeon Crawl Stone Soup version 0.22-a0-284-g99d1f74 (webtiles) character file.

181863 toffzen the Basher (level 17, -10/204 HPs)
             Began as a Gnoll Berserker on Mar 7, 2018.
             Was a High Priest of Trog.
             Mangled by a vampire knight
             ... wielding the +8 short sword "Inuyl" {flame, rElec rF++ Dex-5 SInv}
              (22 damage)
             ... on level 13 of the Dungeon on Mar 20, 2018.
             The game lasted 02:51:37 (43113 turns).

toffzen the Basher (Gnoll Berserker)               Turns: 43113, Time: 02:51:38

Health: -10/204    AC: 19    Str: 28    XL:     17   Next: 95%
Magic:  32/32      EV: 22    Int: 10    God:    Trog [*****.]
Gold:   2286       SH:  9    Dex: 26    Spells: 39/39 levels left

rFire    . . .     SeeInvis .   W - +4 broad axe (vamp)
rCold    . . .     Gourm    .   v - +0 buckler
rNeg     . . .     Faith    .   J - +3 scale mail "Egoov" {MR++ Dex+4}
rPois    +         Spirit   .   B - +0 helmet
rElec    .         Reflect  .   (no cloak)
rCorr    .         Harm     .   X - +2 pair of gloves
MR       +++..                  h - +0 pair of boots
Stlth    ..........             (no amulet)
HPRegen  0.44/turn              O - +4 ring of dexterity
MPRegen  0.23/turn              u - ring of poison resistance

@: berserking, flayed, very quick
A: distributed training, fangs 1, strong nose
}: 1/15 runes: gossamer
a: Berserk, Trog's Hand, Brothers in Arms, Renounce Religion


You were on level 13 of the Dungeon.
You worshipped Trog.
Trog was extremely pleased with you.
You were very hungry.

You visited 5 branches of the dungeon, and saw 28 of its levels.
You also visited: Sewer.

You collected 2966 gold pieces.
You spent 680 gold pieces at shops.

Inventory:

Hand Weapons
 a - the +4 trident of Udout {pierce, *Drain Dex+6}
   (You found it on level 8 of the Dungeon)

   It inflicts extra damage upon your enemies.
   It affects your dexterity (+6).
   It causes draining when unequipped.
 b - a +2 hunting sling of velocity
 s - a +6 arbalest of flaming
 W - a +4 vampiric broad axe (weapon)
Missiles
 d - 584 stones (quivered)
 n - 235 sling bullets
 x - 642 arrows
 N - a throwing net
Armour
 h - a +0 pair of boots (worn)
 v - a +0 buckler (worn)
 B - a +0 helmet (worn)
 J - the +3 scale mail "Egoov" (worn) {MR++ Dex+4}
   (You found it on level 9 of the Dungeon)

   It affects your dexterity (+4).
   It affects your resistance to hostile enchantments.
 X - a +2 pair of gloves (worn)
Jewellery
 l - an uncursed ring of protection from magic
 u - a ring of poison resistance (right hand)
 O - a +4 ring of dexterity (left hand)
Wands
 A - a wand of flame (42)
 I - a wand of iceblast (5)
 K - a wand of digging (9)
 M - a wand of acid (30)
Scrolls
 f - 6 scrolls of vulnerability
 i - 12 scrolls of teleportation
 p - 8 scrolls of remove curse
 r - 3 scrolls of enchant weapon
 w - 3 scrolls of magic mapping
 y - 3 scrolls of fear
 P - 6 scrolls of enchant armour
 Q - a scroll of holy word {unknown}
 T - a scroll of silence {unknown}
Potions
 g - 4 potions of might
 j - 6 potions of degeneration
 k - 6 potions of lignification
 m - 6 potions of curing
 q - 5 potions of heal wounds
 z - 2 potions of magic
 D - 4 potions of agility
 F - a potion of mutation
 G - 5 potions of brilliance
 H - 3 potions of cancellation
 R - a potion of invisibility
 S - 3 potions of haste
 V - a potion of flight {unknown}
 Z - 4 potions of ambrosia
Miscellaneous
 e - a sack of spiders
 t - a box of beasts
 L - a lamp of fire
Comestibles
 c - 7 rations
 o - 8 chunks of flesh


   Skills:
 + Level 13.1 Fighting
 + Level 11.6 Short Blades
 + Level 11.6 Long Blades
 + Level 11.6 Axes
 + Level 13.1 Maces & Flails
 + Level 11.6 Polearms
 + Level 11.6 Staves
 + Level 11.6 Slings
 + Level 11.6 Bows
 + Level 11.6 Crossbows
 + Level 11.6 Throwing
 + Level 12.4 Armour
 + Level 12.4 Dodging
 + Level 11.6 Stealth
 + Level 11.6 Shields
 + Level 11.6 Unarmed Combat
 + Level 11.6 Spellcasting
 + Level 10.0 Conjurations
 + Level 10.0 Hexes
 + Level 10.0 Charms
 + Level 10.0 Summonings
 + Level 10.0 Necromancy
 + Level 10.0 Translocations
 + Level 10.0 Transmutations
 + Level 10.0 Fire Magic
 + Level 10.0 Ice Magic
 + Level 10.0 Air Magic
 + Level 10.0 Earth Magic
 + Level 10.0 Poison Magic
 + Level 12.6 Invocations
 + Level 11.6 Evocations


You had 39 spell levels left.
You didn't know any spells.

Dungeon Overview and Level Annotations

Branches:
Dungeon (15/15)            Temple (0/1) D:5            Lair (6/6) D:11
 Shoals (0/4) Lair:3       Spider (4/4) Lair:3        Slime (0/5) Lair:6
    Orc (2/2) D:12            Elf (0/3) Orc:2        Vaults (1/5) D:13
 Depths (0/5) D:15

Altars:
Ashenzari
Trog
The Shining One
Jiyva

Shops:
D:4 [   D:9 ?   Orc:2 }}!!

Annotations:
D:13 3 runed doors
Lair:4 exclusion: 3 oklob plants


Innate Abilities, Weirdness & Mutations

Your experience applies equally to all skills.
You have very sharp teeth.
Your uncanny sense of smell can sniff out nearby items.


Message History

Something draws strength from your injuries!
You hit something. Something closely misses you. Something bites you!
* * * LOW HITPOINT WARNING * * *
Something draws strength from your injuries!
You slice something!!
You hear some strange, mumbled words.
Something tries to affect you, but you resist.
The flayed ghost cries, "Suffer as I suffered!"
Terrible wounds open up all over your body!
* * * LOW HITPOINT WARNING * * *
You slice something!! You slash something! You bite something.
You block something's attack. Something bites you but does no damage.
Something blocks your attack.
Your bite misses something. Something hits you!!
* * * LOW HITPOINT WARNING * * *
Something burns you!
* * * LOW HITPOINT WARNING * * *
Something bites you but does no damage.
You closely miss something. Something hits you!!
You die...

########## ######
#........# #..(..
#######..# #)#### #..#
#)# #########..# #.#
#...@).....# #.####
##'''##.....# #.....
##...W.##..(.# #.....
#≈......####### #.....
#≈...(..#≈≈≈≈≈####.....
#≈......(...≈≈≈≈≈#.....
#≈......'....≈≈≈≈#.....
#≈.....≈#....c≈≈≈#.....
#≈.....≈#......≈≈#.....


You could see a flayed ghost.

Vanquished Creatures
  A frost giant (D:13)
  5 emperor scorpions
  3 ghost moths
  Louise (D:15)
  An orc warlord (Orc:2)
  3 entropy weavers
  The ghost of Tungsten the Cardsharp, a journeyman HuWn of Nemelex Xobeh (Orc:2)
  An ettin (Orc:1)
  The ghost of hyperX the Slinger, a journeyman HaWn of Gozag (Lair:2)
  Snorg (Orc:1)
  A great orb of eyes (Vaults:1)
  Erolcha (Orc:2)
  A yaktaur captain (D:13)
  4 hydras
  4 centaur warriors
  7 ogre magi
  18 two-headed ogres
  Nergalle (Orc:2)
  An orc high priest (Orc:2)
  The ghost of Duffy the Ogre Mage, a novice OgFE of Vehumet (D:8)
  4 slime creatures (D:12)
  A skeletal warrior (D:15)
  2 unseen horrors
  A wizard (D:15)
  2 deep trolls (Orc:2)
  An orc knight (D:13)
  A deep elf mage (D:12)
  26 wolf spiders
  14 orb spiders
  A necromancer (Lair:3)
  2 orc sorcerers (Orc:2)
  7 cyclopes
  A manticore (D:11)
  15 ugly things (D:15)
  21 elephants
  2 naga magi (D:15)
  2 moths of wrath
  4 centaur zombies
  2 guardian serpents
  A vault sentinel (D:12)
  Joseph (D:10)
  18 spiny frogs
  A torpor snail (Spider:1)
  6 black mambas (Lair:6)
  6 centaur skeletons
  2 rime drakes
  A yaktaur (D:13)
  7 komodo dragons
  19 demonic crawlers
  A kobold demonologist (D:13)
  3 efreet
  2 tengu conjurers (D:13)
  A redback zombie (D:15)
  A troll (shapeshifter) (D:15)
  13 trolls
  36 jumping spiders
  7 dream sheep (Lair:4)
  12 hornets
  5 blink frogs (Lair:3)
  9 hippogriffs
  Prince Ribbit (D:7)
  3 shadows
  A water elemental (D:15)
  51 redbacks
  40 yaks
  31 tarantellas
  3 wraiths
  11 wyverns
  16 humans (D:13)
  A hungry ghost (D:11)
  4 vampire mosquitoes
  3 wargs
  19 water moccasins
  Duvessa (D:6)
  A hornet zombie (D:15)
  5 porcupines
  5 sky beasts
  A black bear (Lair:2)
  4 ice beasts
  12 orc warriors
  2 necrophages
  5 phantoms
  32 ogres
  14 centaurs
  12 wolves
  12 crocodiles
  3 big kobolds
  16 bullfrogs
  Dowan (D:6)
  4 wyvern skeletons
  2 scorpions
  A troll zombie (D:12)
  10 killer bees
  7 wights
  4 electric eels
  2 howler monkeys
  7 crimson imps
  A bullfrog zombie (D:12)
  4 hounds
  3 jellies
  9 orc priests
  A bullfrog skeleton (D:13)
  10 orc wizards
  5 iguanas
  Natasha (thrice) (D:3 D:6)
  7 worker ants
  5 yak simulacra (Lair:3)
  A polar bear simulacrum (Lair:3)
  A wolf simulacrum (Lair:3)
  7 ogre zombies (D:12)
  3 hound skeletons
  3 worker ant zombies
  3 gnolls (D:6)
  10 adders
  A river rat (D:3)
  4 shadow imps
  3 oozes
  An adder skeleton (D:6)
  5 worms
  3 dart slugs
  7 leopard geckos
  52 orcs
  5 giant cockroaches
  4 goblins
  9 hobgoblins
  10 jackals
  2 quokkas
  4 ball pythons
  A ball python skeleton (D:5)
  16 bats
  11 frilled lizards
  A goblin skeleton (D:12)
  4 goblin zombies (D:12)
  3 hobgoblin skeletons (D:12)
  3 hobgoblin zombies (D:12)
  20 kobolds
  2 leopard gecko skeletons
  A leopard gecko zombie (D:5)
  4 orc skeletons (D:12)
  9 orc zombies (D:12)
  10 rats
  4 river rat simulacra (Lair:3)
  A plant (D:11)
941 creatures vanquished.

Vanquished Creatures (collateral kills)
  Rupert (D:13)
  Frances (Spider:1)
  2 emperor scorpions (Spider:4)
  An entropy weaver (Spider:2)
  Nessos (D:13)
  4 skeletal warriors (D:15)
  A manticore (D:15)
  A wolf spider zombie (D:13)
  A wolf spider (Spider:1)
  A naga mage (D:15)
  An efreet (D:13)
  2 demonic crawlers
  A troll (D:13)
  A slime creature (D:13)
  2 redbacks
  A water elemental (D:13)
  A centaur (D:13)
23 creatures vanquished.

Vanquished Creatures (others)
  An orb spider (Spider:3)
  An ogre (Orc:2)
  A worker ant (D:6)
  An orc (D:13)
  An orc zombie (D:12)
  11 fungi
  7 plants
23 creatures vanquished.

Grand Total: 987 creatures vanquished

Notes
Turn   | Place    | Note
-------+----------+-------------------------------------------
     0 | D:1      | toffzen the Gnoll Berserker began the quest for the Orb.
     0 | D:1      | Reached XP level 1. HP: 23/23 MP: 1/1
   111 | D:1      | Reached XP level 2. HP: 23/29 MP: 2/2
   356 | D:1      | Reached XP level 3. HP: 32/35 MP: 3/3
   428 | D:1      | Reached ** piety under Trog
   770 | D:2      | Reached skill level 1 in Invocations
   847 | D:2      | Reached skill level 1 in Short Blades
   847 | D:2      | Reached skill level 1 in Long Blades
   847 | D:2      | Reached skill level 1 in Axes
   847 | D:2      | Reached skill level 1 in Polearms
   847 | D:2      | Reached skill level 1 in Staves
   847 | D:2      | Reached skill level 1 in Slings
   847 | D:2      | Reached skill level 1 in Bows
   847 | D:2      | Reached skill level 1 in Crossbows
   847 | D:2      | Reached skill level 1 in Throwing
   847 | D:2      | Reached skill level 1 in Stealth
   847 | D:2      | Reached skill level 1 in Shields
   847 | D:2      | Reached skill level 1 in Unarmed Combat
   847 | D:2      | Reached skill level 1 in Spellcasting
   847 | D:2      | Reached skill level 1 in Evocations
   908 | D:2      | Reached XP level 4. HP: 41/41 MP: 5/5
  1257 | D:2      | Reached skill level 1 in Conjurations
  1257 | D:2      | Reached skill level 1 in Hexes
  1257 | D:2      | Reached skill level 1 in Charms
  1257 | D:2      | Reached skill level 1 in Summonings
  1257 | D:2      | Reached skill level 1 in Necromancy
  1257 | D:2      | Reached skill level 1 in Translocations
  1257 | D:2      | Reached skill level 1 in Transmutations
  1257 | D:2      | Reached skill level 1 in Fire Magic
  1257 | D:2      | Reached skill level 1 in Ice Magic
  1257 | D:2      | Reached skill level 1 in Air Magic
  1257 | D:2      | Reached skill level 1 in Earth Magic
  1257 | D:2      | Reached skill level 1 in Poison Magic
  1666 | D:2      | Reached *** piety under Trog
  1759 | D:2      | Found a glowing golden altar of the Shining One.
  1860 | D:3      | Noticed Natasha
  1868 | D:3      | Killed Natasha
  1868 | D:3      | Reached XP level 5. HP: 47/47 MP: 6/6
  2580 | D:3      | Found a glowing drain.
  2584 | Sewer    | Entered a sewer
  2814 | Sewer    | Reached XP level 6. HP: 53/53 MP: 8/8
  3599 | D:4      | Upgraded the game from 0.22-a0-265-g0d8bc90 to 0.22-a0-266-g5fdf0d7
  3701 | D:4      | Reached skill level 5 in Armour
  3701 | D:4      | Reached skill level 5 in Dodging
  3707 | D:4      | Found Erakam's Armour Boutique.
  4167 | D:5      | Entered Level 5 of the Dungeon
  4262 | D:5      | Noticed a sky beast
  4267 | D:5      | Reached **** piety under Trog
  4274 | D:5      | Killed a sky beast
  4274 | D:5      | Reached XP level 7. HP: 59/59 MP: 10/10
  4360 | D:5      | Found a staircase to the Ecumenical Temple.
  4956 | D:5      | Reached XP level 8. HP: 67/67 MP: 12/12
  5612 | D:6      | Noticed Duvessa
  5614 | D:6      | Noticed Dowan
  5620 | D:6      | Killed Duvessa
  5684 | D:6      | Killed Dowan
  5696 | D:6      | Noticed Natasha
  5723 | D:6      | Killed Natasha
  5781 | D:6      | Noticed Natasha
  5794 | D:6      | Killed Natasha
  6099 | D:6      | Found a glowing golden altar of the Shining One.
  6725 | D:7      | Reached XP level 9. HP: 60/72 MP: 14/14
  6859 | D:7      | Noticed Prince Ribbit
  6948 | D:7      | Killed Prince Ribbit
  7276 | D:8      | Noticed Duffy's ghost (novice OgFE)
  7293 | D:8      | Killed Duffy's ghost
  7293 | D:8      | Received a gift from Trog
  7857 | D:8      | Got a transparent trident
  7858 | D:8      | Identified the +4 trident of Udout {pierce, *Drain Dex+6} (You found it on level 8 of the Dungeon)
  8148 | D:9      | Received a gift from Trog
  8148 | D:9      | Reached skill level 5 in Invocations
  8275 | D:9      | Reached XP level 10. HP: 80/80 MP: 15/17
  8327 | D:9      | Noticed a two-headed ogre
  8336 | D:9      | Killed a two-headed ogre
  8344 | D:9      | Reached skill level 5 in Short Blades
  8344 | D:9      | Reached skill level 5 in Long Blades
  8344 | D:9      | Reached skill level 5 in Axes
  8344 | D:9      | Reached skill level 5 in Polearms
  8344 | D:9      | Reached skill level 5 in Staves
  8344 | D:9      | Reached skill level 5 in Slings
  8344 | D:9      | Reached skill level 5 in Bows
  8344 | D:9      | Reached skill level 5 in Crossbows
  8344 | D:9      | Reached skill level 5 in Throwing
  8344 | D:9      | Reached skill level 5 in Stealth
  8344 | D:9      | Reached skill level 5 in Shields
  8344 | D:9      | Reached skill level 5 in Unarmed Combat
  8344 | D:9      | Reached skill level 5 in Spellcasting
  8344 | D:9      | Reached skill level 5 in Evocations
  8381 | D:9      | Noticed a two-headed ogre
  8392 | D:9      | Killed a two-headed ogre
  8429 | D:9      | Found Debem's Magic Scroll Boutique.
  8944 | D:9      | Got a translucent scale mail
  8955 | D:9      | Identified the +3 scale mail "Egoov" {MR++ Dex+4} (You found it on level 9 of the Dungeon)
  9177 | D:10     | Entered Level 10 of the Dungeon
  9324 | D:10     | Noticed Joseph
  9335 | D:10     | Killed Joseph
  9444 | D:10     | Noticed a guardian serpent
  9451 | D:10     | Killed a guardian serpent
  9574 | D:10     | Reached XP level 11. HP: 82/87 MP: 19/19
  9678 | D:10     | Noticed a four-headed hydra
  9678 | D:10     | Noticed a two-headed ogre
  9686 | D:10     | Killed a two-headed ogre
  9690 | D:10     | Killed a four-headed hydra
  9858 | D:10     | Noticed a two-headed ogre
  9863 | D:10     | Killed a two-headed ogre
  9863 | D:10     | Reached skill level 5 in Conjurations
  9863 | D:10     | Reached skill level 5 in Hexes
  9863 | D:10     | Reached skill level 5 in Charms
  9863 | D:10     | Reached skill level 5 in Summonings
  9863 | D:10     | Reached skill level 5 in Necromancy
  9863 | D:10     | Reached skill level 5 in Translocations
  9863 | D:10     | Reached skill level 5 in Transmutations
  9863 | D:10     | Reached skill level 5 in Fire Magic
  9863 | D:10     | Reached skill level 5 in Ice Magic
  9863 | D:10     | Reached skill level 5 in Air Magic
  9863 | D:10     | Reached skill level 5 in Earth Magic
  9863 | D:10     | Reached skill level 5 in Poison Magic
 10260 | D:11     | Found a staircase to the Lair.
 10609 | D:11     | Noticed a manticore
 10617 | D:11     | Noticed a two-headed ogre
 10619 | D:11     | Killed a manticore
 10626 | D:11     | Killed a two-headed ogre
 11248 | D:11     | Noticed a two-headed ogre
 11260 | D:11     | Killed a two-headed ogre
 11260 | D:11     | Reached XP level 12. HP: 96/96 MP: 20/22
 11546 | Lair:1   | Entered Level 1 of the Lair of Beasts
 11870 | Lair:1   | Reached ***** piety under Trog
 13271 | Lair:2   | Noticed a seven-headed hydra
 13280 | Lair:2   | Killed a seven-headed hydra
 13345 | Lair:2   | Noticed a four-headed hydra
 13354 | Lair:2   | Killed a four-headed hydra
 13845 | Lair:2   | Reached skill level 10 in Fighting
 13845 | Lair:2   | Reached skill level 10 in Maces & Flails
 14100 | Lair:2   | Noticed hyperX's ghost (journeyman HaWn)
 14219 | Lair:2   | Killed hyperX's ghost
 14828 | Lair:3   | Found a staircase to the Shoals.
 15100 | Lair:3   | Reached XP level 13. HP: 103/103 MP: 24/24
 16350 | Lair:3   | Found a hole to the Spider Nest.
 16763 | Lair:4   | Upgraded the game from 0.22-a0-266-g5fdf0d7 to 0.22-a0-268-g1cc83ef
 18387 | Lair:5   | Reached ****** piety under Trog
 18625 | Lair:5   | Received a gift from Trog
 20034 | Lair:6   | Entered Level 6 of the Lair of Beasts
 20155 | Lair:6   | Received a gift from Trog
 20477 | Lair:6   | Reached XP level 14. HP: 91/111 MP: 26/26
 20659 | Lair:6   | Paralysed by a hornet for 3 turns
 20872 | Lair:6   | Reached skill level 10 in Armour
 20872 | Lair:6   | Reached skill level 10 in Dodging
 21146 | Lair:6   | Found a staircase to the Slime Pits.
 21146 | Lair:6   | Found a viscous altar of Jiyva.
 22164 | Lair:6   | Received a gift from Trog
 22894 | D:12     | Found a staircase to the Orcish Mines.
 23229 | D:12     | Received a gift from Trog
 23276 | D:12     | Reached skill level 10 in Invocations
 23421 | D:12     | Found a shattered altar of Ashenzari.
 24145 | D:13     | Received a gift from Trog
 24213 | D:13     | Noticed Nessos
 25523 | D:15     | Entered Level 15 of the Dungeon
 25760 | D:15     | Reached XP level 15. HP: 99/118 MP: 28/28
 27088 | D:15     | Noticed Louise
 27128 | D:15     | Killed Louise
 28297 | D:15     | Found a staircase to the Depths.
 28508 | D:13     | Noticed Rupert
 28515 | D:13     | Killed Rupert
 28515 | D:13     | Reached skill level 10 in Short Blades
 28515 | D:13     | Reached skill level 10 in Long Blades
 28515 | D:13     | Reached skill level 10 in Axes
 28515 | D:13     | Reached skill level 10 in Polearms
 28515 | D:13     | Reached skill level 10 in Staves
 28515 | D:13     | Reached skill level 10 in Slings
 28515 | D:13     | Reached skill level 10 in Bows
 28515 | D:13     | Reached skill level 10 in Crossbows
 28515 | D:13     | Reached skill level 10 in Throwing
 28515 | D:13     | Reached skill level 10 in Stealth
 28515 | D:13     | Reached skill level 10 in Shields
 28515 | D:13     | Reached skill level 10 in Unarmed Combat
 28515 | D:13     | Reached skill level 10 in Spellcasting
 28515 | D:13     | Reached skill level 10 in Evocations
 28590 | Orc:1    | Entered Level 1 of the Orcish Mines
 28604 | Orc:1    | Upgraded the game from 0.22-a0-268-g1cc83ef to 0.22-a0-280-g69bf1f3
 28636 | Orc:1    | Received a gift from Trog
 28770 | Orc:2    | Entered Level 2 of the Orcish Mines
 28833 | Orc:2    | Noticed Erolcha
 28849 | Orc:2    | Killed Erolcha
 28951 | Orc:2    | Received a gift from Trog
 29248 | Orc:2    | Noticed Tungsten's ghost (journeyman HuWn)
 29273 | Orc:2    | Killed Tungsten's ghost
 29760 | Orc:2    | Reached XP level 16. HP: 127/127 MP: 30/30
 29811 | Orc:2    | Found Ocubrub's Distillery.
 29812 | Orc:2    | Found Rishyinkyano's Distillery.
 29825 | Orc:2    | Found Anti's Gadget Boutique.
 29827 | Orc:2    | Bought a potion of agility for 60 gold pieces
 29827 | Orc:2    | Bought a potion of might for 60 gold pieces
 29827 | Orc:2    | Bought a potion of might for 60 gold pieces
 29827 | Orc:2    | Bought a potion of haste for 150 gold pieces
 29827 | Orc:2    | Bought 2 potions of heal wounds for 150 gold pieces
 29830 | Orc:2    | Found Verchu's Gadget Emporium.
 29839 | Orc:2    | Bought a potion of haste for 100 gold pieces
 29839 | Orc:2    | Bought a potion of heal wounds for 50 gold pieces
 29839 | Orc:2    | Bought a potion of heal wounds for 50 gold pieces
 29875 | Orc:2    | Found a staircase to the Elven Halls.
 30162 | Orc:2    | Received a gift from Trog
 30552 | Orc:1    | Noticed Nergalle
 30563 | Orc:2    | Killed Nergalle
 30608 | Orc:1    | Received a gift from Trog
 30685 | Orc:1    | Noticed Snorg
 30699 | Orc:1    | Killed Snorg
 30849 | Orc:1    | Found a bloodstained altar of Trog.
 31408 | Spider:1 | Entered Level 1 of the Spider Nest
 31654 | Spider:1 | Paralysed by a hornet for 1 turns
 32338 | Spider:1 | Noticed Frances
 32435 | Spider:1 | Killed Frances
 34320 | Spider:2 | Received a gift from Trog
 35870 | Spider:3 | Received a gift from Trog
 36585 | Spider:3 | Reached XP level 17. HP: 135/135 MP: 10/32
 37825 | Spider:4 | Entered Level 4 of the Spider Nest
 39003 | Spider:4 | Received a gift from Trog
 40250 | Spider:4 | Got a gossamer rune of Zot
 40555 | Lair:3   | Upgraded the game from 0.22-a0-280-g69bf1f3 to 0.22-a0-284-g99d1f74
 40676 | D:13     | Found a gate to the Vaults.
 40785 | D:13     | Received a gift from Trog
 40795 | D:13     | Found a runed gate.
 40795 | D:13     | Found a runed gate.
 40795 | D:13     | Found a runed gate.
 42108 | Vaults:1 | Entered Level 1 of the Vaults
 42133 | Vaults:1 | Received a gift from Trog
 42514 | D:13     | Killed Nessos
 42943 | D:13     | Found a runed gate.
 42943 | D:13     | Found a runed gate.
 42943 | D:13     | Found a runed gate.
 43012 | D:13     | Reached skill level 10 in Conjurations
 43012 | D:13     | Reached skill level 10 in Hexes
 43012 | D:13     | Reached skill level 10 in Charms
 43012 | D:13     | Reached skill level 10 in Summonings
 43012 | D:13     | Reached skill level 10 in Necromancy
 43012 | D:13     | Reached skill level 10 in Translocations
 43012 | D:13     | Reached skill level 10 in Transmutations
 43012 | D:13     | Reached skill level 10 in Fire Magic
 43012 | D:13     | Reached skill level 10 in Ice Magic
 43012 | D:13     | Reached skill level 10 in Air Magic
 43012 | D:13     | Reached skill level 10 in Earth Magic
 43012 | D:13     | Reached skill level 10 in Poison Magic
 43113 | D:13     | Identified the +8 short sword "Inuyl" {flame, rElec rF++ Dex-5 SInv}
 43113 | D:13     | Mangled by a vampire knight

Vault maps used:
D:1:      dpeg_arrival_court
D:2:      nicolae_tso_swordbearing_angel
D:3:      gup_sewer_entry_bowl, uniq_natasha
D:4:      serial_shops, nicolae_shop_crystal
D:5:      minmay_temple_entry_glassed_door, first_ration
D:6:      lemuel_crystal_altar, hex_large, uniq_duvessa
D:7:      uniq_prince_ribbit1
D:9:      serial_shops, shop
D:10:     grunt_ogre_cave, nrook_guardian_serpent_ordinary, uniq_joseph
D:11:     david_lair_shrubbed
D:12:     zombieorc2_lemuel, nicolae_ashenzari_panopticon
D:13:     kennysheep_treasure_stockpile, david_vaults_3
D:15:     grunt_enter_depths_magical_seal, hangedman_decor_riveting,
          minmay_misc_feat_room, minivault_4, uniq_nessos, uniq_louise
Lair:1:   statuecave_lemuel, st_stairs_6, nicolae_quartered_pool_medium
Lair:2:   roderic_batcave, serial_bayou_shore_a
Lair:3:   elwin_shoals_entry_rocks, spider_nest_entry_funnel_web,
          eino_house_with_fridge, lemuel_fruit_fields
Lair:4:   dpeg_oklob_1, serial_bayou_shore_b
Lair:5:   minivault_26, cheibrodos_lair_caveside_slide, lemuel_fruit_fields,
          serial_bayou_shore_b
Lair:6:   hangedman_lair_tendril_chambers, slime_altar_1
Spider:1: uniq_frances
Spider:2: spider_trap
Spider:3: spider_trap
Spider:4: guppyfry_spider_rune
Orc:1:    basic_altar, uniq_snorg, uniq_nergalle
Orc:2:    st_orc_open, uniq_erolcha
Vaults:1: dpeg_vaults_monster_row, v_alt_pattern_3,
          nicolae_vaults_border_crossing, hangedman_vaults_maws,
          vaults_room_grunt_arrival_ludios, hangedman_vaults_stagger,
          serial_shops, nicolae_shop_stone, uniq_nikola
Sewer:    sewer_frog_island_01

Skill      XL: |  1  2  3  4  5  6  7  8  9 10 11 12 13 14 15 16 17 |
---------------+----------------------------------------------------+-----
Invocations    | 1 2 3 4 5 6 7 8 9 10 11 12 | 12.6
Short Blades   | 1 2 3 4 5 6 7 8 9 10 11 | 11.6
Long Blades    | 1 2 3 4 5 6 7 8 9 10 11 | 11.6
Axes           | 1 2 3 4 5 6 7 8 9 10 11 | 11.6
Polearms       | 1 2 3 4 5 6 7 8 9 10 11 | 11.6
Staves         | 1 2 3 4 5 6 7 8 9 10 11 | 11.6
Slings         | 1 2 3 4 5 6 7 8 9 10 11 | 11.6
Bows           | 1 2 3 4 5 6 7 8 9 10 11 | 11.6
Crossbows      | 1 2 3 4 5 6 7 8 9 10 11 | 11.6
Throwing       | 1 2 3 4 5 6 7 8 9 10 11 | 11.6
Stealth        | 1 2 3 4 5 6 7 8 9 10 11 | 11.6
Shields        | 1 2 3 4 5 6 7 8 9 10 11 | 11.6
Unarmed Combat | 1 2 3 4 5 6 7 8 9 10 11 | 11.6
Spellcasting   | 1 2 3 4 5 6 7 8 9 10 11 | 11.6
Evocations     | 1 2 3 4 5 6 7 8 9 10 11 | 11.6
Conjurations   | 1 2 3 4 5 6 7 8 9 10 | 10.0
Hexes          | 1 2 3 4 5 6 7 8 9 10 | 10.0
Charms         | 1 2 3 4 5 6 7 8 9 10 | 10.0
Summonings     | 1 2 3 4 5 6 7 8 9 10 | 10.0
Necromancy     | 1 2 3 4 5 6 7 8 9 10 | 10.0
Translocations | 1 2 3 4 5 6 7 8 9 10 | 10.0
Transmutations | 1 2 3 4 5 6 7 8 9 10 | 10.0
Fire Magic     | 1 2 3 4 5 6 7 8 9 10 | 10.0
Ice Magic      | 1 2 3 4 5 6 7 8 9 10 | 10.0
Air Magic      | 1 2 3 4 5 6 7 8 9 10 | 10.0
Earth Magic    | 1 2 3 4 5 6 7 8 9 10 | 10.0
Poison Magic   | 1 2 3 4 5 6 7 8 9 10 | 10.0
Armour         | 5 6 7 8 9 10 11 12 | 12.4
Dodging        | 5 6 7 8 9 10 11 12 | 12.4
Fighting       | 7 8 9 10 11 12 13 | 13.1
Maces & Flails | 7 8 9 10 11 12 13 | 13.1

Action                   |  1- 3 |  4- 6 |  7- 9 | 10-12 | 13-15 | 16-18 || total
-------------------------+-------+-------+-------+-------+-------+-------++-------
Melee: Mace              |    84 |    65 |       |       |       |       ||   149
       Bite              |    12 |    21 |    40 |   145 |   323 |   251 ||   792
       Flail             |       |   107 |   231 |       |       |       ||   338
       Trident           |       |       |    38 |   624 |   682 |       ||  1344
       Broad axe         |       |       |       |       |   755 |  1173 ||  1928
Throw: Stone             |    45 |    64 |    95 |    78 |   425 |   366 ||  1073
Invok: Berserk           |       |     5 |    11 |    17 |    29 |    31 ||    93
       Trog's Hand       |       |       |     6 |     3 |    12 |     6 ||    27
       Brothers in Arms  |       |       |       |       |     3 |    10 ||    13
Evoke: Wand              |       |       |       |     4 |     2 |    12 ||    18
  Use: Scroll            |       |     4 |       |       |    19 |     9 ||    32
       Potion            |       |       |       |       |     6 |    10 ||    16
 Stab: Distracted        |     2 |       |       |     2 |     2 |     7 ||    13
       Sleeping          |     3 |     5 |       |    11 |    10 |     2 ||    31
  Eat: Chunk             |       |    11 |    11 |    23 |    34 |    26 ||   105
       Ration            |       |     1 |     4 |     5 |    15 |    15 ||    40
Armor: Animal skin       |    16 |     7 |       |       |       |       ||    23
       Scale mail        |       |    29 |    65 |   119 |   299 |   533 ||  1045
Dodge: Dodged            |    54 |    77 |   135 |   281 |   838 |  1401 ||  2786
Block: Buckler           |       |    20 |    39 |   180 |   431 |   689 ||  1359

Table legend:
 A = Spawn XP
 B = Non-spawn XP
 C = Spawn XP percentage of total XP
 D = Spawn monster count
 E = Non-spawn monster count
 F = Spawn count percentage of total count
 G = Total turns spent on level
                    A         B        C        D         E        F      G
               +---------+---------+-------+---------+---------+-------+---------
         Total |       0 |  241233 |   0.0 |       0 |     964 |   0.0 | 43113
               +---------+---------+-------+---------+---------+-------+---------
           D:1 |       0 |      56 |   0.0 |       0 |      29 |   0.0 |   730
           D:2 |       0 |      89 |   0.0 |       0 |      25 |   0.0 |  1105
           D:3 |       0 |     123 |   0.0 |       0 |      16 |   0.0 |  1081
           D:4 |       0 |      96 |   0.0 |       0 |       7 |   0.0 |   569
           D:5 |       0 |     832 |   0.0 |       0 |      22 |   0.0 |  1513
           D:6 |       0 |     653 |   0.0 |       0 |      17 |   0.0 |   691
           D:7 |       0 |    1004 |   0.0 |       0 |      11 |   0.0 |   759
           D:8 |       0 |     864 |   0.0 |       0 |       6 |   0.0 |   931
           D:9 |       0 |    3339 |   0.0 |       0 |      31 |   0.0 |  1116
          D:10 |       0 |    5571 |   0.0 |       0 |      18 |   0.0 |  1008
          D:11 |       0 |    6313 |   0.0 |       0 |      35 |   0.0 |  1475
          D:12 |       0 |    7010 |   0.0 |       0 |      70 |   0.0 |  1158
          D:13 |       0 |   24782 |   0.0 |       0 |      85 |   0.0 |  3050
          D:14 |       0 |    3928 |   0.0 |       0 |      17 |   0.0 |  1169
          D:15 |       0 |   21549 |   0.0 |       0 |      48 |   0.0 |  2945
        Lair:1 |       0 |    4210 |   0.0 |       0 |      18 |   0.0 |  1903
        Lair:2 |       0 |    7413 |   0.0 |       0 |      35 |   0.0 |  1453
        Lair:3 |       0 |    6973 |   0.0 |       0 |      35 |   0.0 |  2095
        Lair:4 |       0 |    6881 |   0.0 |       0 |      21 |   0.0 |  1521
        Lair:5 |       0 |    5962 |   0.0 |       0 |      20 |   0.0 |  1880
        Lair:6 |       0 |   17268 |   0.0 |       0 |      65 |   0.0 |  2460
      Spider:1 |       0 |   17418 |   0.0 |       0 |      46 |   0.0 |  2503
      Spider:2 |       0 |   19986 |   0.0 |       0 |      45 |   0.0 |  3082
      Spider:3 |       0 |   13221 |   0.0 |       0 |      44 |   0.0 |  1574
      Spider:4 |       0 |   30946 |   0.0 |       0 |      68 |   0.0 |  1933
         Orc:1 |       0 |    3690 |   0.0 |       0 |      26 |   0.0 |  1202
         Orc:2 |       0 |   25049 |   0.0 |       0 |      81 |   0.0 |  1471
      Vaults:1 |       0 |    5856 |   0.0 |       0 |       6 |   0.0 |    54
         Sewer |       0 |     151 |   0.0 |       0 |      17 |   0.0 |   682
               +---------+---------+-------+---------+---------+-------+---------
